 Dungeon Crawl Stone Soup version 0.27-a0-29-g2d0a2396b0 (webtiles) character file.

Game seed: 8487833895382649777

741 dolemite99 the Cruncher (level 7, -10/50 HPs)
             Began as a Demonspawn Gladiator on Jan 4, 2021.
             Was an Initiate of Yredelemnul.
             Mangled by an ogre
             ... wielding a +0 giant spiked club
              (28 damage)
             ... on level 5 of the Dungeon.
             The game lasted 00:07:55 (6509 turns).

dolemite99 the Cruncher (Demonspawn Gladiator)      Turns: 6509, Time: 00:07:56

Health: -10/50     AC: 11    Str: 16 (17) XL:     7   Next: 47%
Magic:  7/7        EV: 10    Int:  9      God:    Yredelemnul [......]
Gold:   248        SH:  0    Dex: 12 (14) Spells: 6/6 levels left

rFire    + + .     SeeInvis .   a - +0 quarterstaff
rCold    . . .     Faith    .   (shield currently unavailable)
rNeg     . . .     Spirit   .   s - +0 scale mail
rPois    .         Reflect  .   c - +0 helmet
rElec    .         Harm     .   (no cloak)
rCorr    .         Rampage  .   (no gloves)
Will     .....                  (no boots)
Stlth    ..........             (no amulet)
HPRegen  0.16/turn              (no ring)
MPRegen  0.10/turn              (no ring)

@: no status effects
A: molten scales 3, fire resistance 1
a: Renounce Religion


You were on level 5 of the Dungeon.
You worshipped Yredelemnul.
Yredelemnul was noncommittal.
You visited 2 branches of the dungeon, and saw 6 of its levels.
You also visited: Ossuary.

You collected 248 gold pieces.

Inventory:

Hand Weapons
 a - a +0 quarterstaff (weapon)
 b - a +0 hunting sling
 f - a +0 hunting sling
 t - a +2 short sword of venom
 y - a +0 short sword of draining
Missiles
 d - 2 throwing nets
 e - 55 arrows
 g - 65 sling bullets
 h - 154 stones (quivered)
 z - 25 bolts
 B - 4 atropa-tipped darts
 D - 3 javelins
Armour
 c - a +0 helmet (worn)
 r - a +0 leather armour
 s - a +0 scale mail (worn)
 x - a scarf of shadows
Scrolls
 j - 3 scrolls of identify {@r1}
 k - 4 scrolls of remove curse {@r2}
 n - 3 scrolls of enchant weapon {unknown}
 o - a scroll of teleportation
 q - a scroll of immolation {unknown}
 u - a scroll of fear {unknown}
 w - a scroll of random uselessness {unknown}
Potions
 i - 2 potions of magic
 l - a potion of haste
 p - a potion of attraction
 v - a potion of degeneration


   Skills:
 - Level 2.0 Fighting
 + Level 8.1 Staves
 - Level 1.7 Throwing
 - Level 2.6 Dodging


You had 6 spell levels left.
You didn't know any spells.
Your spell library was empty.

Dungeon Overview and Level Annotations

Branches:
Dungeon (5/15)             Temple (1/1) D:5         Ossuary (visited)

Altars:
Ashenzari
Cheibriados
Dithmenos
Elyvilon
Gozag
Hepliaklqana
Kikubaaqudgha
Qazlal
Ru
Sif Muna
Trog
Uskayaw
Vehumet
Xom
Yredelemnul
Zin


Innate Abilities, Weirdness & Mutations

You are completely covered in molten scales. (AC +4, rF+)
Your flesh is heat resistant. (rF+)


Message History

You completely miss the ogre. The ogre closely misses you.
You hit the ogre.
The ogre is lightly wounded.
You barely miss the ogre.
The ogre is lightly wounded.
The ogre hits you with a +0 giant spiked club!
You hit the ogre.
The ogre is moderately wounded.
The ogre hits you with a +0 giant spiked club!
You barely miss the ogre.
The ogre is moderately wounded.
You thump the ogre!
The ogre is heavily wounded.
The ogre hits you with a +0 giant spiked club.
You hit the ogre.
The ogre is heavily wounded.
The ogre hits you with a +0 giant spiked club!!
Ouch! That really hurt!
You die...
Your body rises from the dead as a mindless zombie.

#. ...##.# ##.
#..(..##
##..##.#....### ##
.......o.....#
#..##.#....#.#...####.
#.....#.##.#.#.#.....
. #..o........#...#
#.#.#O#.#.##......#
#...#@#.#....#....#
#[...........#....#
#.##.#.>.#.#......#
...#...#.#.##...#
#....#..........#
#.#.##.#.##.#.....#
#...........#.....#
#.#.#.#.##....#...#
#.#.#.#....##.#.##...


You could see an ogre and an orc.

Vanquished Creatures
  A sky beast (Temple)
  A phantom (D:4)
  An ogre (D:4)
  A hound (D:4)
  Jessica (D:3)
  3 iguanas (D:4)
  2 worker ants (D:4)
  A hound skeleton (D:4)
  A mummy (Ossuary)
  A howler monkey skeleton (D:4)
  8 adders
  A river rat (D:3)
  A white imp (D:4)
  3 oozes
  2 worms
  A dart slug (D:1)
  2 leopard geckos
  17 orcs
  3 giant cockroaches
  14 goblins
  12 hobgoblins
  7 jackals
  8 kobolds
  3 quokkas
  3 ball pythons
  4 bats
  4 frilled lizards
  2 gnoll skeletons (Ossuary)
  A jackal skeleton (D:4)
  5 kobold skeletons (Ossuary)
  A leopard gecko skeleton (D:4)
  4 orc skeletons (Ossuary)
  6 rats
125 creatures vanquished.

Vanquished Creatures (others)
  An orc wizard (D:5)
1 creature vanquished.

Grand Total: 126 creatures vanquished

Notes
Turn   | Place    | Note
-------+----------+-------------------------------------------
     0 | D:1      | dolemite99 the Demonspawn Gladiator began the quest for the
                  | Orb.
     0 | D:1      | Reached XP level 1. HP: 16/16 MP: 1/1
    82 | D:1      | Reached skill level 3 in Staves
   171 | D:1      | Gained mutation: You are partially covered in molten
                  | scales. (AC +2) [demonic ancestry]
   171 | D:1      | Reached XP level 2. HP: 18/22 MP: 2/2
   653 | D:1      | Reached XP level 3. HP: 24/27 MP: 3/3
   886 | D:2      | Reached skill level 4 in Staves
  1476 | D:2      | Gained mutation: You are mostly covered in molten scales.
                  | (AC +3) [demonic ancestry]
  1476 | D:2      | Reached XP level 4. HP: 33/33 MP: 4/4
  2582 | D:3      | Reached skill level 5 in Staves
  3025 | D:3      | Reached XP level 5. HP: 32/38 MP: 5/5
  3238 | D:3      | Noticed Jessica
  3245 | D:3      | Killed Jessica
  4027 | D:4      | Reached skill level 6 in Staves
  4130 | D:4      | Gained mutation: You are completely covered in molten
                  | scales. (AC +4, rF+) [demonic ancestry]
  4130 | D:4      | Reached XP level 6. HP: 37/44 MP: 6/6
  4300 | D:4      | Found a sand-covered staircase.
  4429 | Ossuary  | Entered an ossuary
  4429 | Ossuary  | Noticed a wraith
  4429 | Ossuary  | Noticed a wraith
  4429 | Ossuary  | Noticed a wraith
  4531 | Ossuary  | Noticed a wraith
  4584 | Ossuary  | HP: 2/44 [orc skeleton (2)]
  5204 | D:4      | Reached skill level 7 in Staves
  5284 | D:4      | Gained mutation: Your flesh is heat resistant. (rF+)
                  | [demonic ancestry]
  5284 | D:4      | Reached XP level 7. HP: 43/50 MP: 7/7
  5973 | D:5      | Entered Level 5 of the Dungeon
  5984 | D:5      | Found a staircase to the Ecumenical Temple.
  5990 | Temple   | Entered the Ecumenical Temple
  6050 | Temple   | Reached skill level 8 in Staves
  6458 | Temple   | Became a worshipper of Yredelemnul the Dark
  6509 | D:5      | Mangled by an ogre

Illustrated notes

Levels and vault maps discovered:
D:1:      dpeg_arrival_concentric_ovals, layout_loops_ring, hex_large
D:2:      layout_basic, minmay_goblin_outpost
D:3:      layout_basic, portal_sewer_entry_b, uniq_jessica
D:4:      layout_basic, enter_ossuary_1
D:5:      layout_basic, minmay_temple_entry_ruins
Temple:   nicolae_temple_x_marks_the_god

Skill      XL: |  1  2  3  4  5  6  7 |
---------------+----------------------+-----
Staves         | 3 4 5 6 7 8 |  8.1
Fighting       | |  2.0
Throwing       | |  1.7
Dodging        | |  2.6

Action                   |  1- 3 |  4- 6 |  7- 9 || total
-------------------------+-------+-------+-------++-------
Melee: Quarterstaff      |    92 |   144 |    73 ||   309
       Short sword       |       |    91 |       ||    91
 Fire: Hunting sling     |       |    85 |       ||    85
Throw: Throwing net      |     3 |       |       ||     3
       Stone             |     8 |    19 |     5 ||    32
  Use: Potion            |       |     8 |       ||     8
       Scroll            |       |     5 |     1 ||     6
Armor: Leather armour    |    31 |    47 |       ||    78
       Scale mail        |       |    96 |    33 ||   129
Dodge: Dodged            |    50 |   196 |    21 ||   267

Table legend: (Time is in decaauts)
 A = Elapsed time spent in this place.
 B = Non-inter-level travel time spent in this place.
 C = Inter-level travel time spent in this place.
 D = Time resting spent in this place.
 E = Time spent auto-exploring this place.
 F = Levels seen in this place.
 G = Mean time per level.
                   A        B        C        D        E       F      G
               +--------+--------+--------+--------+--------+-----+--------+
         Total |   6515 |   6353 |    162 |   2037 |   2866 |   7 |  930.7 |
       Dungeon |   5874 |   5717 |    157 |   1712 |   2804 |   5 | 1174.8 |
        Temple |    473 |    468 |      5 |    325 |      0 |   1 |  473.0 |
       Ossuary |    167 |    167 |      0 |      0 |     62 |   1 |  167.0 |
               +--------+--------+--------+--------+--------+-----+--------+

Top non-repeatable levels by time:
     D:4: 2083 daAuts
     D:2: 1545 daAuts
     D:3: 1398 daAuts
     D:1: 786 daAuts
  Temple: 473 daAuts
 Ossuary: 167 daAuts
     D:5: 59 daAuts
